 Dungeon Crawl Stone Soup version 0.29.1-1-gd02db6906a (webtiles) character file.

Game seed: 11598816803215849808

17 MisterFreud the Ducker (level 2, 0/21 HPs)
             Began as a Felid Berserker on Sept 25, 2022.
             Was a Follower of Trog.
             Slain by a rat (1 damage)
             ... on level 1 of the Dungeon.
             The game lasted 00:00:36 (675 turns).

MisterFreud the Ducker (Felid Berserker)             Turns: 675, Time: 00:00:37

Health: 0/21       AC:  1    Str: 13    XL:     2   Next: 44%
Magic:  3/3        EV: 15    Int:  8    God:    Trog [*.....]
Gold:   43         SH:  0    Dex: 15    Spells: 1/1 levels left
                                        Lives:  0   Deaths: 0

rFire   . . .      SeeInvis +     - Unarmed
rCold   . . .      Faith    .   (shield unavailable)
rNeg    . . .      Spirit   .   (body armour unavailable)
rPois   .          Reflect  .   (helmet unavailable)
rElec   .          Harm     .   (cloak unavailable)
rCorr   .          Rampage  .   (gloves unavailable)
Will    .....                   (boots unavailable)
Stlth   ..........              e - amulet of regeneration
HPRegen 0.87/turn               (no ring)
MPRegen 0.08/turn               (no ring)

@: berserking, constricted, very quick
A: very small, claws 1, fangs 3, see invisible, speed 1, shaggy fur 1, stealthy
paws, no weapons or thrown items, no armour, multi-lived
a: Renounce Religion, Berserk


You were on level 1 of the Dungeon.
You worshipped Trog.
Trog was aware of your devotion.
You visited 1 branch of the dungeon, and saw 1 of its levels.

You collected 43 gold pieces.

Inventory:

Jewellery
 e - an amulet of regeneration (around neck)
Scrolls
 a - a scroll of torment {unknown}
Potions
 b - 4 potions of curing {unknown}
 c - 2 potions of might {unknown}
 d - a potion of attraction {unknown}


   Skills:
 - Level 3.0 Fighting
 - Level 4.0 Dodging
 + Level 2.2 Stealth
 + Level 3.4 Unarmed Combat


You had one spell level left.
You didn't know any spells.
Your spell library was empty.

Dungeon Overview and Level Annotations

Branches:
Dungeon (1/15)

Altars:


Innate Abilities, Weirdness & Mutations

You have sharp claws.
You have razor-sharp teeth.
You have supernaturally acute eyesight. (SInv)
You cover ground quickly. (Speed+)
You are covered in fur. (AC +1)
Your paws help you pounce on unaware monsters.
You are incapable of wielding weapons or throwing items.
You cannot wear armour.
You gain extra lives every three experience levels.


Message History

Found a robe.
No target in view!
A ball python comes into view.
A rat comes into view.
There are monsters nearby!
There are monsters nearby!
The ball python hisses angrily.
The ball python barely misses you. x2
There are monsters nearby!
You barely miss the ball python. The ball python bites you.
The ball python grabs you. The ball python constricts you.
There are monsters nearby!
You barely miss the ball python. The ball python completely misses you.
The ball python constricts you. The ball python bites you.
The ball python constricts you.
There are monsters nearby!
You closely miss the ball python. Your claw misses the ball python.
The ball python bites you. The ball python constricts you.
There are monsters nearby!
You are too injured to fight recklessly!
There are monsters nearby!
You are too injured to fight recklessly!
You are too injured to fight recklessly!
You scratch the ball python.
The ball python is heavily wounded.
The ball python bites you. The ball python constricts you.
* * * LOW HITPOINT WARNING * * *
The rat closely misses you.
You barely miss the ball python.
The ball python is heavily wounded.
The ball python completely misses you. The ball python constricts you.
* * * LOW HITPOINT WARNING * * *
The rat bites you.
* * * LOW HITPOINT WARNING * * *
A red film seems to cover your vision as you go berserk!
You feel yourself moving faster!
You feel mighty! The ball python closely misses you.
The ball python constricts you.
* * * LOW HITPOINT WARNING * * *
The rat bites you.
You die...

#..#...#..#
#######...#######
#.#.#.#.#.#. #...........
##..#.#..##. #......#####
####.#####.# #.#.##.# #+#
#...# #.#..#.# #...# ##
#.##.#.### #.
#...##.###........###
#.###...#S#.##......#.##.
.......r@....##.#.###.##.
................#......†.
#...[........##.#..##.##.
####...#.#.###.......##.
#...##.## #.#...#####
#...# ## #.#.>.### #...#
#.......# ############.##
#..#..#.###
#............#
#.........#


You could see a ball python and a rat.

Vanquished Creatures
  2 dart slugs (D:1)
  A bat (D:1)
  3 endoplasms (D:1)
  2 giant cockroaches (D:1)
  A kobold (D:1)
  A quokka (D:1)
  A frilled lizard (D:1)
11 creatures vanquished.

Notes
Turn   | Place    | Note
-------+----------+-------------------------------------------
     0 | D:1      | MisterFreud the Felid Berserker began the quest for the
                  | Orb.
     0 | D:1      | Reached XP level 1. HP: 10/10 MP: 2/2
   125 | D:1      | Reached skill level 1 in Stealth
   349 | D:1      | Reached XP level 2. HP: 14/14 MP: 3/3
   675 | D:1      | HP: 1/21 [constriction (1)]
   675 | D:1      | Slain by a rat

Illustrated notes

Levels and vault maps discovered:
D:1:      nzn_arrival_crosshair, layout_loops_cross

Skill      XL: |  1  2 |
---------------+-------+-----
Stealth        | 1 2 |  2.2
Fighting       | |  3.0
Dodging        | |  4.0
Unarmed Combat | |  3.4

Action                   || total
-------------------------++-------
Melee: Unarmed           ||    29
       Bite              ||     2
       Punch             ||     1
Invok: Berserk           ||     1
 Stab: Sleeping          ||     1
Dodge: Dodged            ||    17
